| TOP OF THE 1ST |
|
Tijuana Toros batting - Pitching for Americus Braves : LHP Pete Dobbs
|
|
Pitching: LHP Pete Dobbs
|
|
|
Batting: RHB Pat Mage
|
0-0: Ball 1-0: Ball 2-0: Swinging Strike 2-1: SINGLE (Groundball, 56S, EV 70.0 MPH) (infield hit)
|
|
Batting: RHB Dustin Huschka
|
0-0: Ball 1-0: Fly out, F9 (Line Drive, 9, EV 88.1 MPH)
|
|
Batting: SHB John Gernaat
|
0-0: Ball Pat Mage steals 2nd base 1-0: Ball Pat Mage is caught stealing 3rd base 2-5 2-0: Fly out, F4 (Popup, 3D, EV 55.6 MPH)
|
| Top of the 1st over - 0 runs, 1 hit, 0 errors, 0 left on base; Tijuana 0 - Americus 0 |
| BOTTOM OF THE 1ST |
|
Americus Braves batting - Pitching for Tijuana Toros : RHP Danny Roe
|
|
Pitching: RHP Danny Roe
|
|
|
Batting: RHB Ray Pierce
|
0-0: Ball 1-0: Ball 2-0: Ball 3-0: Called Strike 3-1: Foul Ball, location: 2F 3-2: Foul Ball, location: 2F 3-2: Base on Balls
|
|
Batting: RHB Angel Guzman
|
0-0: Called Strike Ray Pierce is caught stealing 2nd base 2-4 0-1: Ball 1-1: Ball 2-1: Swinging Strike 2-2: Foul Ball, location: 2F 2-2: Ball 3-2: Ground out 4-3 (Groundball, 34, EV 92.5 MPH)
|
|
Batting: RHB Bobby Lavole
|
0-0: Ball 1-0: Ball 2-0: Swinging Strike 2-1: Foul Ball, location: 2F 2-2: Strikes out swinging
|
| Bottom of the 1st over - 0 runs, 0 hits, 0 errors, 0 left on base; Tijuana 0 - Americus 0 |
| TOP OF THE 2ND |
|
Tijuana Toros batting - Pitching for Americus Braves : LHP Pete Dobbs
|
|
Batting: LHB Mike Pesek
|
0-0: Foul Ball, location: 2F 0-1: Foul Ball, location: 2F 0-2: Strikes out swinging
|
|
Batting: LHB Bobby Gambrell
|
0-0: Ground out 5-3 (Groundball, 5, EV 81.3 MPH)
|
|
Batting: LHB Santiago Chavira
|
0-0: Ball 1-0: Called Strike 1-1: Called Strike 1-2: Foul Ball, location: 2F 1-2: Strikes out swinging
|
| Top of the 2nd over - 0 runs, 0 hits, 0 errors, 0 left on base; Tijuana 0 - Americus 0 |
| BOTTOM OF THE 2ND |
|
Americus Braves batting - Pitching for Tijuana Toros : RHP Danny Roe
|
|
Batting: RHB Corey Dalton
|
0-0: Ball 1-0: Ball 2-0: Swinging Strike 2-1: Swinging Strike 2-2: SINGLE (Flyball, 89S, EV 95.6 MPH)
|
|
Batting: RHB Zachary Sidney
|
0-0: Ball 1-0: Foul Ball, location: 2F 1-1: Foul Ball, location: 2F 1-2: SINGLE (Groundball, 34D, EV 104.4 MPH) Corey Dalton to second Runner from 2nd tries for 3rd, SAFE, no throw by RF
|
|
Batting: LHB Jon Burgos
|
0-0: Ball 1-0: Ball 2-0: 3-RUN HOME RUN (Flyball, 9D, EV 104.4 MPH), Distance : 399 ft
|
|
Batting: LHB Kevin Mills
|
0-0: Ball 1-0: Ball 2-0: SINGLE (Flyball, 56D, EV 97.5 MPH)
|
|
Batting: RHB Steve Tahiri
|
0-0: Called Strike 0-1: Ball 1-1: Swinging Strike 1-2: Ball 2-2: Fly out, F9 (Flyball, 9LS, EV 88.8 MPH)
|
|
Batting: SHB Humberto Amaya
|
0-0: Called Strike 0-1: Ball 1-1: Swinging Strike 1-2: Ball 2-2: Foul Ball, location: 2F 2-2: Ball 3-2: Foul Ball, location: 2F 3-2: Foul Ball, location: 2F 3-2: Base on Balls Kevin Mills to second
|
|
Batting: RHB Ray Pierce
|
0-0: SINGLE (Groundball, 56S, EV 75.0 MPH) (infield hit) Kevin Mills to third Humberto Amaya to second
|
|
Batting: RHB Angel Guzman
|
0-0: Ball 1-0: Ball 2-0: Fly out, F8 (Flyball, 8RM, EV 89.4 MPH) Runner from 3rd tags up, SCORES, throw by CF
|
|
Batting: RHB Bobby Lavole
|
0-0: SINGLE (Groundball, 6D, EV 96.9 MPH) Humberto Amaya to third Ray Pierce to second Runner from 3rd tries for Home, throw by LF and OUT! 7-2
|
| Bottom of the 2nd over - 4 runs, 6 hits, 0 errors, 2 left on base; Tijuana 0 - Americus 4 |
| TOP OF THE 3RD |
|
Tijuana Toros batting - Pitching for Americus Braves : LHP Pete Dobbs
|
|
Batting: RHB Matt Alderson
|
0-0: Ball 1-0: Foul Ball, location: 2F 1-1: Foul Ball, location: 2F 1-2: Foul Ball, location: 2F 1-2: Ball 2-2: Ball 3-2: Strikes out looking
|
|
Batting: LHB Kevin Wiebe
|
0-0: Ball 1-0: Foul Ball, location: 2F 1-1: Ball 2-1: Foul Ball, location: 2F 2-2: Single, Error in OF, E8, batter to second base (Groundball, 4MD, EV 109.4 MPH)
|
|
Batting: RHB John Piccolo
|
0-0: Ball 1-0: Called Strike 1-1: Foul Ball, location: 2F 1-2: Ball 2-2: Strikes out swinging
|
|
Batting: RHB Pat Mage
|
0-0: Ball 1-0: Fly out, F8 (Flyball, 8LD, EV 106.3 MPH)
|
| Top of the 3rd over - 0 runs, 1 hit, 1 error, 1 left on base; Tijuana 0 - Americus 4 |
| BOTTOM OF THE 3RD |
|
Americus Braves batting - Pitching for Tijuana Toros : RHP Danny Roe
|
|
Batting: RHB Corey Dalton
|
0-0: Called Strike 0-1: Ball 1-1: Ball 2-1: Ball 3-1: Foul Ball, location: 2F 3-2: Foul Ball, location: 2F 3-2: Fly out, F3 (Popup, 3SF, EV 73.1 MPH)
|
|
Batting: RHB Zachary Sidney
|
0-0: Ball 1-0: Foul Ball, location: 2F 1-1: Swinging Strike 1-2: SINGLE (Groundball, 56, EV 105.0 MPH) (infield hit)
|
|
Batting: LHB Jon Burgos
|
0-0: Called Strike 0-1: Ball 1-1: Swinging Strike 1-2: Fly out, F7 (Flyball, 7S, EV 88.8 MPH)
|
|
Batting: LHB Kevin Mills
|
0-0: Called Strike 0-1: Called Strike 0-2: Foul Ball, location: 2F 0-2: Ball 1-2: Foul Ball, location: 2F 1-2: Strikes out swinging
|
| Bottom of the 3rd over - 0 runs, 1 hit, 0 errors, 1 left on base; Tijuana 0 - Americus 4 |
| TOP OF THE 4TH |
|
Tijuana Toros batting - Pitching for Americus Braves : LHP Pete Dobbs
|
|
Batting: RHB Dustin Huschka
|
0-0: Ball 1-0: Called Strike 1-1: Foul Ball, location: 2F 1-2: Strikes out swinging
|
|
Batting: SHB John Gernaat
|
0-0: Swinging Strike 0-1: Ball 1-1: Ball 2-1: Foul Ball, location: 2F 2-2: Ball 3-2: Foul Ball, location: 2F 3-2: Strikes out swinging
|
|
Batting: LHB Mike Pesek
|
0-0: Ball 1-0: Ball 2-0: Foul Ball, location: 2F 2-1: Foul Ball, location: 2F 2-2: Foul Ball, location: 2F 2-2: Strikes out looking
|
| Top of the 4th over - 0 runs, 0 hits, 0 errors, 0 left on base; Tijuana 0 - Americus 4 |
| BOTTOM OF THE 4TH |
|
Americus Braves batting - Pitching for Tijuana Toros : RHP Danny Roe
|
|
Batting: RHB Steve Tahiri
|
0-0: Swinging Strike 0-1: SINGLE (Groundball, 56S, EV 65.0 MPH) (infield hit)
|
|
Batting: SHB Humberto Amaya
|
0-0: Called Strike 0-1: Hit by Pitch Steve Tahiri to second
|
|
Batting: RHB Ray Pierce
|
0-0: Called Strike 0-1: Swinging Strike 0-2: Ball 1-2: SINGLE (Flyball, 89S, EV 97.5 MPH) Steve Tahiri to third Humberto Amaya to second Runner from 3rd tries for Home, SAFE, throw by RF to home
|
|
Pitching: RHP Victor Delgado
|
|
|
Batting: RHB Angel Guzman
|
0-0: Ball 1-0: Foul Ball, location: 2F 1-1: Foul Ball, location: 2F 1-2: Foul Ball, location: 2F 1-2: Ball 2-2: Fielders Choice at 2nd, 6-4 (Groundball, 6, EV 98.8 MPH) Humberto Amaya to third
|
|
Batting: RHB Bobby Lavole
|
0-0: Ball 1-0: Grounds into double play, 4-6-3 (Groundball, 4, EV 96.9 MPH)
|
| Bottom of the 4th over - 1 run, 2 hits, 0 errors, 1 left on base; Tijuana 0 - Americus 5 |
| TOP OF THE 5TH |
|
Tijuana Toros batting - Pitching for Americus Braves : LHP Pete Dobbs
|
|
Batting: LHB Bobby Gambrell
|
0-0: Called Strike 0-1: Fly out, F7 (Flyball, 7D, EV 94.4 MPH)
|
|
Batting: LHB Santiago Chavira
|
0-0: Ball 1-0: Ball 2-0: Ball 3-0: Called Strike 3-1: Base on Balls
|
|
Batting: RHB Matt Alderson
|
0-0: Foul Ball, location: 2F 0-1: Ball Santiago Chavira steals 2nd base (no throw) 1-1: SINGLE (Line Drive, 4M, EV 100.6 MPH) Santiago Chavira to third
|
|
Batting: LHB Kevin Wiebe
|
0-0: Fly out, F8 (Flyball, 78M, EV 96.3 MPH) Runner from 3rd tags up, SCORES, throw by CF
|
|
Batting: RHB John Piccolo
|
0-0: Called Strike 0-1: Ball 1-1: Foul Ball, location: 2F 1-2: Strikes out swinging
|
| Top of the 5th over - 1 run, 1 hit, 0 errors, 1 left on base; Tijuana 1 - Americus 5 |
| BOTTOM OF THE 5TH |
|
Americus Braves batting - Pitching for Tijuana Toros : RHP Victor Delgado
|
|
Batting: RHB Corey Dalton
|
0-0: Ball 1-0: Ball 2-0: Called Strike 2-1: Ground out U3 (Groundball, 34, EV 85.6 MPH)
|
|
Batting: RHB Zachary Sidney
|
0-0: Called Strike 0-1: SINGLE (Groundball, 4D, EV 103.8 MPH)
|
|
Batting: LHB Jon Burgos
|
0-0: Ball 1-0: Called Strike 1-1: Swinging Strike 1-2: SINGLE (Groundball, 6S, EV 66.3 MPH) (infield hit) Zachary Sidney to second
|
|
Batting: LHB Kevin Mills
|
0-0: Ball 1-0: Called Strike 1-1: Fly out, F5 (Popup, 56, EV 78.8 MPH)
|
|
Batting: RHB Steve Tahiri
|
0-0: Ball 1-0: Foul Ball, location: 2F 1-1: Ground out 5-3 (Groundball, 56S, EV 63.8 MPH)
|
| Bottom of the 5th over - 0 runs, 2 hits, 0 errors, 2 left on base; Tijuana 1 - Americus 5 |
| TOP OF THE 6TH |
|
Tijuana Toros batting - Pitching for Americus Braves : LHP Pete Dobbs
|
|
Batting: RHB Pat Mage
|
0-0: Ball 1-0: Foul Ball, location: 2F 1-1: Ball 2-1: Fly out, F8 (Line Drive, 8LM, EV 98.8 MPH)
|
|
Batting: RHB Dustin Huschka
|
0-0: Ground out 6-3 (Groundball, 6, EV 82.5 MPH)
|
|
Batting: SHB John Gernaat
|
0-0: Foul Ball, location: 2F 0-1: Ball 1-1: Ball 2-1: Called Strike 2-2: Foul Ball, location: 2F 2-2: Ball 3-2: Foul Ball, location: 2F 3-2: Foul Ball, location: 2F 3-2: Foul Ball, location: 2F 3-2: DOUBLE (Flyball, 8RXD, EV 106.9 MPH)
|
|
Batting: LHB Mike Pesek
|
0-0: Foul Ball, location: 2F 0-1: Ball 1-1: Foul Ball, location: 2F 1-2: Strikes out swinging
|
| Top of the 6th over - 0 runs, 1 hit, 0 errors, 1 left on base; Tijuana 1 - Americus 5 |
| BOTTOM OF THE 6TH |
|
Americus Braves batting - Pitching for Tijuana Toros : RHP Victor Delgado
|
|
Batting: SHB Humberto Amaya
|
0-0: Called Strike 0-1: Called Strike 0-2: DOUBLE (Groundball, 3L, EV 100.6 MPH)
|
|
Batting: RHB Ray Pierce
|
0-0: Called Strike 0-1: Ball 1-1: Fly out, F9 (Flyball, 89M, EV 86.9 MPH)
|
|
Batting: RHB Angel Guzman
|
0-0: Ball 1-0: Called Strike 1-1: Ball 2-1: Ball 3-1: 2-RUN HOME RUN (Flyball, 7D, EV 98.1 MPH), Distance : 398 ft
|
|
Batting: RHB Bobby Lavole
|
0-0: Fly out, F3 (Flyball, 3D, EV 81.3 MPH)
|
|
Batting: RHB Corey Dalton
|
0-0: Ball 1-0: Ball 2-0: Fly out, F9 (Line Drive, 9, EV 89.4 MPH)
|
| Bottom of the 6th over - 2 runs, 2 hits, 0 errors, 0 left on base; Tijuana 1 - Americus 7 |
| TOP OF THE 7TH |
|
Tijuana Toros batting - Pitching for Americus Braves : LHP Pete Dobbs
|
|
Pitching: RHP Jeff Knight
|
|
|
Batting: LHB Bobby Gambrell
|
0-0: Reached on error, E7 (Line Drive, 7D, EV 85.0 MPH)
|
|
Batting: LHB Santiago Chavira
|
0-0: Foul Ball, location: 2F 0-1: Ball 1-1: Foul Ball, location: 2F 1-2: Ball 2-2: Foul Ball, location: 2F 2-2: Strikes out swinging
|
|
Batting: RHB Matt Alderson
|
0-0: Foul Ball, location: 2F 0-1: Called Strike 0-2: Strikes out swinging
|
|
Batting: LHB Kevin Wiebe
|
0-0: Ground out U3 (Groundball, 34, EV 81.3 MPH)
|
| Top of the 7th over - 0 runs, 0 hits, 1 error, 1 left on base; Tijuana 1 - Americus 7 |
| BOTTOM OF THE 7TH |
|
Americus Braves batting - Pitching for Tijuana Toros : RHP Victor Delgado
|
|
Batting: RHB Zachary Sidney
|
0-0: Foul Ball, location: 2F 0-1: Ball 1-1: Ball 2-1: Fly out, F8 (Flyball, 89D, EV 100.0 MPH)
|
|
Pitching: RHP Jon Harris
|
|
|
Batting: LHB Jon Burgos
|
0-0: Ball 1-0: Swinging Strike 1-1: Foul Ball, location: 2F 1-2: Ball 2-2: Ball 3-2: Base on Balls
|
|
Batting: LHB Kevin Mills
|
0-0: Ball 1-0: Foul Ball, location: 2F 1-1: Called Strike Jon Burgos steals 2nd base 1-2: Ball 2-2: Ball 3-2: Strikes out swinging
|
|
Batting: RHB Steve Tahiri
|
0-0: Foul Ball, location: 2F 0-1: Ball 1-1: Ball 2-1: SINGLE (Popup, 23, EV 81.9 MPH) Jon Burgos to third Throwing error, E4 Jon Burgos scores Steve Tahiri to second
|
|
Batting: SHB Humberto Amaya
|
0-0: Called Strike 0-1: Ball 1-1: Ground out 3-1 (Groundball, 34, EV 90.6 MPH)
|
| Bottom of the 7th over - 1 run, 1 hit, 1 error, 1 left on base; Tijuana 1 - Americus 8 |
| TOP OF THE 8TH |
|
Tijuana Toros batting - Pitching for Americus Braves : RHP Jeff Knight
|
|
Batting: RHB John Piccolo
|
0-0: Called Strike 0-1: Called Strike 0-2: Ball 1-2: Ball 2-2: Strikes out swinging
|
|
Batting: RHB Pat Mage
|
0-0: Ball 1-0: Ball 2-0: Foul Ball, location: 2F 2-1: Swinging Strike 2-2: Strikes out swinging
|
|
Batting: RHB Dustin Huschka
|
0-0: Ball 1-0: Swinging Strike 1-1: Foul Ball, location: 2F 1-2: DOUBLE (Line Drive, 89D, EV 105.6 MPH)
|
|
Batting: SHB John Gernaat
|
0-0: Called Strike 0-1: Called Strike 0-2: Ball 1-2: Strikes out looking
|
| Top of the 8th over - 0 runs, 1 hit, 0 errors, 1 left on base; Tijuana 1 - Americus 8 |
| BOTTOM OF THE 8TH |
|
Americus Braves batting - Pitching for Tijuana Toros : RHP Jon Harris
|
|
Batting: RHB Ray Pierce
|
0-0: Ground out 4-3 (Groundball, 4, EV 107.5 MPH)
|
|
Pinch Hitting: RHB Brian Huebner
|
0-0: Called Strike 0-1: Called Strike 0-2: Foul Ball, location: 2F 0-2: Foul Ball, location: 2F 0-2: Ball 1-2: Ball 2-2: Ball 3-2: Ground out 6-3 (Groundball, 56D, EV 78.8 MPH)
|
|
Batting: RHB Bobby Lavole
|
0-0: Called Strike 0-1: Ground out 5-3 (Groundball, 56, EV 89.4 MPH)
|
| Bottom of the 8th over - 0 runs, 0 hits, 0 errors, 0 left on base; Tijuana 1 - Americus 8 |
| TOP OF THE 9TH |
|
Tijuana Toros batting - Pitching for Americus Braves : RHP Jeff Knight
|
|
Now at 1B: Brian Huebner
|
|
|
Batting: LHB Mike Pesek
|
0-0: Called Strike 0-1: Called Strike 0-2: Strikes out swinging
|
|
Batting: LHB Bobby Gambrell
|
0-0: Swinging Strike 0-1: SINGLE (Groundball, 6D, EV 100.0 MPH)
|
|
Batting: LHB Santiago Chavira
|
0-0: Grounds into double play, 4-6-3 (Groundball, 4, EV 85.6 MPH)
|
| Top of the 9th over - 0 runs, 1 hit, 0 errors, 0 left on base; Tijuana 1 - Americus 8 |
|